 Dungeon Crawl Stone Soup version 0.22.1-2-g9c5b331 (webtiles) character file.

192688 Fang the Severer (level 18, -13/125 HPs)
             Began as a Gargoyle Berserker on Dec 5, 2018.
             Was a High Priest of Trog.
             Mangled by Asterion
             ... wielding a +0 demon trident of venom
              (37 damage)
             ... on level 2 of the Vaults.
             The game lasted 00:59:58 (30435 turns).

Fang the Severer (Gargoyle Berserker)              Turns: 30435, Time: 00:59:59

Health: -13/125    AC: 40    Str: 35    XL:     18   Next: 24%
Magic:  18/18      EV: 12    Int: 10    God:    Trog [*****.]
Gold:   2921       SH:  0    Dex: 14    Spells: 17/17 levels left

rFire    + . .     SeeInvis +   f - +4 broad axe (vamp)
rCold    + . .     Gourm    +   (no shield)
rNeg     + + .     Faith    .   o - +1 plate armour "Oteasic" {rPois rN+ Dex+2}
rPois    ∞         Spirit   .   G - +2 helmet
rElec    +         Reflect  .   D - +2 cloak of the Wheelwright {Str+3}
rCorr    .         Harm     .   y - +0 pair of gloves of Decompression {rPois rF+ rC+ MR+ Dex+3}
MR       ++...                  (no boots)
Stlth    ..........             U - amulet of the gourmand
HPRegen  0.30/turn              B - +5 ring of strength
MPRegen  0.16/turn              Y - ring of see invisible

@: about to teleport, berserk cooldown, flying, slowed, very slow
A: big wings, negative energy resistance 1, electricity resistance, unbreathing,
petrification resistance, rot immunity, AC +13
}: 1/15 runes: decaying
a: Stop Flying, Berserk, Trog's Hand, Brothers in Arms, Renounce Religion


You were on level 2 of the Vaults.
You worshipped Trog.
Trog was extremely pleased with you.
You were completely stuffed.

You visited 6 branches of the dungeon, and saw 30 of its levels.
You also visited: Bailey.

You collected 3177 gold pieces.
You spent 256 gold pieces at shops.

Inventory:

Hand Weapons
 f - a +4 vampiric broad axe (weapon)
 h - a +6 antimagic executioner's axe
 w - a +4 antimagic battleaxe
 J - a +4 battleaxe of chopping
 N - a +7 battleaxe of freezing
 S - the +1 hand axe "Fesseul" {venom, Str+3}
   (You found it on level 12 of the Dungeon)

   It poisons the flesh of those it strikes.
   It affects your strength (+3).
Armour
 o - the +1 plate armour "Oteasic" (worn) {rPois rN+ Dex+2}
   (You found it on level 6 of the Lair of Beasts)

   It affects your dexterity (+2).
   It protects you from poison.
   It protects you from negative energy.
 y - the +0 pair of gloves of Decompression (worn) {rPois rF+ rC+ MR+ Dex+3}
   (You found it on level 1 of the Vaults)

   It affects your dexterity (+3).
   It protects you from fire.
   It protects you from cold.
   It protects you from poison.
   It affects your resistance to hostile enchantments.
 D - the +2 cloak of the Wheelwright (worn) {Str+3}
   (You bought it in a shop on level 8 of the Dungeon)

   It affects your strength (+3).
 F - a +2 cloak of invisibility
 G - a +2 helmet (worn)
Jewellery
 r - an uncursed ring of resist corrosion
 v - an uncursed amulet of the acrobat
 B - a +5 ring of strength (left hand)
 U - an amulet of the gourmand (around neck)
 Y - a ring of see invisible (right hand)
Wands
 a - a wand of flame (93)
 b - a wand of acid (27)
 g - a wand of digging (11)
 k - a wand of random effects (28)
 p - a wand of paralysis (36)
 u - a wand of clouds (7)
 z - a wand of iceblast (18)
 C - a wand of polymorph (8)
 Q - a wand of scattershot (10)
 W - a wand of enslavement (32)
Scrolls
 d - 11 scrolls of remove curse
 l - 3 scrolls of identify
 n - 5 scrolls of fear
 q - 3 scrolls of magic mapping
 t - 7 scrolls of teleportation
 x - 6 scrolls of fog
 P - 2 scrolls of blinking
 R - a scroll of summoning
Potions
 e - 9 potions of curing
 i - 2 potions of heal wounds
 j - 2 potions of might
 m - 2 potions of brilliance
 s - a potion of ambrosia
 A - 4 potions of agility
 E - 2 potions of magic
 H - a potion of mutation {unknown}
 I - 3 potions of berserk rage
 K - a potion of resistance
 L - 3 potions of cancellation
 V - a potion of invisibility
 X - 2 potions of haste
Miscellaneous
 Z - a lamp of fire
Comestibles
 c - 50 rations
 M - 5 chunks of flesh


   Skills:
 + Level 18.1 Fighting
 + Level 19.7 Axes
 + Level 14.8 Armour
 + Level 5.9 Dodging
 + Level 2.8 Stealth


You had 17 spell levels left.
You didn't know any spells.
Your spell library was empty.

Dungeon Overview and Level Annotations

Branches:
Dungeon (15/15)            Temple (1/1) D:6            Lair (6/6) D:11
  Swamp (4/4) Lair:4       Spider (0/4) Lair:3        Slime (0/5) Lair:5
    Orc (2/2) D:12            Elf (0/3) Orc:2        Vaults (2/5) D:13
 Depths (0/5) D:15
  Crypt: Vaults:2-3

Altars:
Ashenzari
Dithmenos
Fedhas
Kikubaaqudgha
Ru
Sif Muna
Trog
Uskayaw
Wu Jian
Xom
The Shining One
Beogh

Shops:
D:5 !:%(   D:8 [   D:13 *   D:15 :   Orc:2 *([}(

Annotations:
D:12 2 runed doors, mindtowaste's ghost, journeyman HOIE
Lair:3 3 runed doors, Lubb's ghost, journeyman NaVM
Lair:6 exclusion: oklob plant
Vaults:2 Asterion


Innate Abilities, Weirdness & Mutations

You are resistant to torment.
Your stone body is resilient. (AC +13)
You are immune to poison.
Your large and strong wings let you fly indefinitely.
You resist negative energy. (rN+)
You are resistant to electric shocks. (rElec)
You can survive without breathing.
You are immune to petrification.
You are immune to rotting.


Message History

The Executioner hits you but does no damage. x4
The Executioner misses you.
The Executioner hits you but does no damage.
The Executioner barely misses you. The Executioner closely misses you.
The Executioner hits you but does no damage.
Asterion hits you from afar with a demon trident of venom.
The Executioner hits you but does no damage. x6
Asterion hits you but does no damage.
As you read the scroll of teleportation, it crumbles to dust.
You feel strangely unstable. The Executioner closely misses you.
The Executioner hits you.
* * * LOW HITPOINT WARNING * * *
The Executioner hits you but does no damage. x5
The Executioner closely misses you. x2
Asterion hits you from afar with a demon trident of venom!
* * * LOW HITPOINT WARNING * * *
The Executioner hits you but does no damage.
The Executioner barely misses you. The Executioner completely misses you.
Asterion hits you from afar with a demon trident of venom!!!
You die...

###################
####
...........))......
....
...........@1H.....
....
...........))......
....
...#########'''####
#... ...# #... ...#
#... +++# #... #...
#... #...


You could see Asterion and an Executioner.

Vanquished Creatures
  Nikola (Swamp:2)
  3 thorn hunters
  2 vault wardens
  2 orc warlords
  The ghost of jeremie the Severer, a journeyman MiAM of Wu Jian (Orc:2)
  5 ironheart preservers
  A stone giant (Vaults:2)
  A deep elf demonologist (Vaults:2)
  An ettin (Orc:2)
  2 fire dragons (D:15)
  A yaktaur captain (Vaults:2)
  4 ogre magi (Orc:2)
  A rakshasa (Vaults:1)
  8 vault guards
  5 hydras
  A ghost crab (Swamp:3)
  The ghost of RubberyChicken the Carver, a journeyman BaSk of Uskayaw (D:11)
  A catoblepas (D:15)
  3 centaur warriors
  An anaconda (shapeshifter) (D:13)
  A tengu warrior (D:14)
  12 alligators
  A deep troll shaman (Vaults:2)
  16 two-headed ogres
  3 orc high priests
  5 deep elf knights
  5 skeletal warriors
  4 deep trolls (Vaults:2)
  An unseen horror (shapeshifter) (D:13)
  11 swamp dragons
  4 deep elf archers
  A shambling mangrove (Swamp:1)
  5 ironbrand convokers
  7 deep elf magi
  Pikel (D:6)
  5 ugly things
  2 orc sorcerers
  12 orc knights
  2 wolf spiders
  5 cyclopes
  3 elephants (Lair:6)
  6 manticores
  Maurice (D:13)
  4 vault sentinels (Vaults:1)
  4 gargoyles
  A centaur zombie (D:11)
  4 black mambas
  18 spiny frogs
  4 rime drakes
  2 kobold demonologists
  5 komodo dragons
  A freezing wraith (D:15)
  11 yaktaurs
  A merfolk (shapeshifter) (Vaults:2)
  2 tengu conjurers (D:15)
  10 trolls
  4 polar bears (Lair:6)
  Grinder (D:4)
  A polar bear (shapeshifter) (Vaults:2)
  6 bog bodies
  7 tyrant leeches
  10 hornets
  12 hippogriffs
  26 slime creatures
  10 dream sheep (Lair:6)
  8 blink frogs
  A meliai zombie (D:13)
  4 water elementals (D:15)
  2 shadows
  13 spriggans
  3 wraiths
  41 yaks
  3 wyverns
  A human (shapeshifter) (Vaults:1)
  3 basilisks
  A basilisk (shapeshifter) (D:13)
  4 hogs (D:10)
  A human (D:10)
  A fire elemental (D:14)
  A steam dragon (D:10)
  A redback simulacrum (D:15)
  2 hungry ghosts
  17 vampire mosquitoes
  A warg (Orc:2)
  3 acid dragons
  5 insubstantial wisps (Swamp:2)
  A soldier ant (D:13)
  12 swamp worms
  15 water moccasins
  15 porcupines
  40 orc warriors
  4 ice beasts
  2 sky beasts
  7 swamp drakes
  2 eyes of draining
  A slave (D:6)
  6 black bears
  A hornet zombie (D:13)
  33 ogres
  33 wolves
  7 phantoms
  8 boggarts
  3 centaurs
  9 big kobolds
  12 crocodiles
  20 bullfrogs
  2 wyvern zombies
  A water moccasin zombie (D:10)
  A wyvern skeleton (D:11)
  2 scorpions
  32 killer bees
  8 wights
  4 howler monkeys
  2 electric eels
  7 crimson imps
  3 jellies
  2 bullfrog zombies
  A lava snake (D:14)
  20 orc priests
  A bullfrog skeleton (D:4)
  2 centaur skeletons
  5 hounds
  16 orc wizards
  2 gnoll shamans
  Ijyb (D:3)
  9 iguanas
  14 worker ants
  4 hound zombies
  A hound skeleton (D:11)
  Robin (D:2)
  11 gnolls
  15 adders
  4 shadow imps
  2 oozes
  2 adder skeletons (D:5)
  2 adder zombies (D:9)
  6 worms
  6 leopard geckos
  107 orcs
  2 ball pythons
  5 giant cockroaches
  25 goblins
  9 hobgoblins
  16 jackals
  5 quokkas
  4 bats
  3 frilled lizards
  51 kobolds
  A quokka skeleton (D:5)
  7 rats
  2 fungi
  2 plants
1077 creatures vanquished.

Vanquished Creatures (collateral kills)
  A ghost crab (Swamp:3)
  17 hydras
  A spriggan druid (Swamp:2)
  4 swamp dragons
  A shambling mangrove (Swamp:4)
  4 elephants (Lair:6)
  A torpor snail (Lair:6)
  A rime drake (Swamp:4)
  A queen bee (D:10)
  A troll (D:10)
  3 hornets
  2 blink frogs (Lair:4)
  A tyrant leech (Swamp:2)
  A hippogriff (D:13)
  2 spriggans
  A shadow (Swamp:2)
  A basilisk (Lair:4)
  3 insubstantial wisps (Swamp:2)
  A swamp drake (Swamp:1)
  A black bear (Lair:6)
  A wolf (Lair:6)
  5 killer bees (D:10)
  A bullfrog zombie (D:10)
  A kobold (D:10)
56 creatures vanquished.

Vanquished Creatures (others)
  A hydra (Swamp:3)
  A centaur warrior (D:13)
  2 boggarts (Vaults:2)
  3 kobolds (Bailey)
  4 fungi
  8 plants
19 creatures vanquished.

Grand Total: 1152 creatures vanquished

Notes
Turn   | Place    | Note
-------+----------+-------------------------------------------
     0 | D:1      | Fang the Gargoyle Berserker began the quest for the Orb.
     0 | D:1      | Reached XP level 1. HP: 14/14 MP: 1/1
   216 | D:1      | Reached XP level 2. HP: 10/19 MP: 2/2
   443 | D:1      | Reached skill level 3 in Axes
   472 | D:1      | Reached XP level 3. HP: 16/24 MP: 3/3
   473 | D:1      | Reached ** piety under Trog
   995 | D:2      | Noticed Robin
  1009 | D:2      | Killed Robin
  1183 | D:2      | Reached XP level 4. HP: 28/29 MP: 4/4
  1294 | D:2      | Found a shattered altar of Ashenzari.
  1304 | D:2      | Found a blossoming altar of Fedhas.
  1552 | D:3      | Reached skill level 4 in Axes
  1559 | D:3      | Noticed Ijyb
  1563 | D:3      | Paralysed by Ijyb for 4 turns
  1569 | D:3      | Paralysed by Ijyb for 5 turns
  1580 | D:3      | Paralysed by Ijyb for 3 turns
  1585 | D:3      | Killed Ijyb
  1585 | D:3      | Reached XP level 5. HP: 16/33 MP: 5/5
  1767 | D:3      | Reached *** piety under Trog
  2168 | D:4      | Reached XP level 6. HP: 36/38 MP: 6/6
  2286 | D:4      | Reached skill level 5 in Axes
  2610 | D:4      | Noticed a phantom
  2689 | D:4      | Killed a phantom
  2689 | D:4      | Reached XP level 7. HP: 6/44 MP: 7/7
  3067 | D:4      | You fall through a shaft!
  3067 | D:5      | Entered Level 5 of the Dungeon
  3104 | D:5      | Found a sacrificial altar of Ru.
  3490 | D:5      | Found Yzalooma's Antique Weapon Boutique.
  3491 | D:5      | Found Enkel's Food Shop.
  3532 | D:5      | Found an ancient bone altar of Kikubaaqudgha.
  3593 | D:5      | Reached skill level 6 in Axes
  3818 | D:5      | Noticed a yak
  3818 | D:5      | Noticed a yak
  3818 | D:5      | Noticed a yak
  3818 | D:5      | Noticed a yak
  3819 | D:5      | Noticed a yak
  3826 | D:5      | Killed a yak
  3826 | D:5      | Reached skill level 5 in Fighting
  3826 | D:5      | Reached XP level 8. HP: 49/49 MP: 8/8
  3828 | D:5      | Killed a yak
  3828 | D:5      | Reached skill level 1 in Stealth
  3832 | D:5      | Killed a yak
  3832 | D:5      | Reached skill level 7 in Axes
  3835 | D:5      | Killed a yak
  3837 | D:5      | Killed a yak
  3837 | D:5      | Reached skill level 5 in Armour
  4010 | D:5      | Found Oxeufer's Distillery.
  4423 | D:5      | Found Rahiobot's Book Emporium.
  4626 | D:6      | Reached XP level 9. HP: 55/55 MP: 9/9
  5015 | D:4      | Noticed Grinder
  5044 | D:4      | Paralysed by Grinder for 4 turns
  5061 | D:4      | Paralysed by Grinder for 6 turns
  5083 | D:4      | Paralysed by Grinder for 4 turns
  5109 | D:4      | Killed Grinder
  5109 | D:4      | Reached **** piety under Trog
  5109 | D:4      | Reached skill level 8 in Axes
  5161 | D:4      | Found a shadowy altar of Dithmenos.
  5591 | D:6      | Found a staircase to the Ecumenical Temple.
  5662 | Temple   | Entered the Ecumenical Temple
  5700 | D:6      | Found a shimmering altar of Xom.
  5743 | D:6      | Noticed Pikel
  5772 | D:6      | Killed Pikel
  6208 | D:7      | Reached skill level 9 in Axes
  6672 | D:7      | Found a hide-covered altar of Uskayaw.
  6690 | D:7      | Noticed a hornet
  6700 | D:7      | Killed a hornet
  6700 | D:7      | Reached XP level 10. HP: 34/64 MP: 10/10
  7131 | D:8      | Noticed a two-headed ogre
  7141 | D:8      | Killed a two-headed ogre
  7295 | D:8      | Found Kappuceup's Antique Armour Boutique.
  7486 | D:8      | Reached ***** piety under Trog
  7488 | D:8      | Found a deep blue altar of Sif Muna.
  7525 | D:8      | Bought a slimy cloak for 256 gold pieces
  7530 | D:8      | Identified the +2 cloak of the Wheelwright {Str+3} (You
                  | bought it in a shop on level 8 of the Dungeon)
  7990 | D:9      | Reached skill level 10 in Axes
  8402 | D:9      | Received a gift from Trog
  9416 | D:9      | Reached XP level 11. HP: 71/71 MP: 11/11
  9677 | D:10     | Entered Level 10 of the Dungeon
  9743 | D:10     | Reached skill level 11 in Axes
 10065 | D:10     | Received a gift from Trog
 10688 | D:8      | Reached skill level 10 in Fighting
 10750 | D:10     | Reached skill level 12 in Axes
 11408 | D:11     | Noticed a skeletal warrior
 11408 | D:11     | Noticed a skeletal warrior
 11409 | D:11     | Noticed a skeletal warrior
 11409 | D:11     | Noticed a skeletal warrior
 11428 | D:10     | Killed a skeletal warrior
 11428 | D:10     | Received a gift from Trog
 11428 | D:10     | Reached XP level 12. HP: 75/77 MP: 12/12
 11909 | D:11     | Reached skill level 13 in Axes
 12178 | D:11     | Found a runed door.
 12208 | D:11     | Found a staircase to the Lair.
 12439 | D:11     | Found a sacrificial altar of Ru.
 12470 | D:11     | Noticed RubberyChicken's ghost (journeyman BaSk)
 12530 | Lair:1   | Entered Level 1 of the Lair of Beasts
 12573 | Lair:1   | Noticed a seven-headed hydra
 12585 | Lair:1   | Killed a seven-headed hydra
 12915 | Lair:1   | Reached skill level 10 in Armour
 12985 | Lair:1   | Received a gift from Trog
 13605 | Lair:2   | Reached skill level 5 in Dodging
 13794 | Lair:2   | Reached XP level 13. HP: 73/84 MP: 13/13
 13907 | Lair:2   | You fall through a shaft!
 13918 | Lair:3   | Reached skill level 14 in Axes
 14285 | Lair:3   | Found a hole to the Spider Nest.
 14498 | Lair:3   | Found a runed gate.
 14498 | Lair:3   | Found a runed gate.
 14498 | Lair:3   | Found a runed gate.
 14806 | Lair:3   | Noticed Lubb's ghost (journeyman NaVM)
 15231 | Lair:4   | Received a gift from Trog
 15563 | Lair:4   | Found the +15 Maxwell's patent armour {-Cast -Tele rElec
                  | MR+ rCorr}
 15939 | Lair:4   | Found a staircase to the Swamp.
 16739 | Lair:5   | Found a staircase to the Slime Pits.
 16916 | Lair:6   | Entered Level 6 of the Lair of Beasts
 16958 | Lair:6   | Reached skill level 15 in Axes
 17170 | Lair:6   | Gained mutation: Your large and strong wings let you fly
                  | indefinitely. [Gargoyle growth]
 17170 | Lair:6   | Reached XP level 14. HP: 82/92 MP: 14/14
 17197 | Lair:6   | Received a gift from Trog
 18155 | D:12     | Noticed mindtowaste's ghost (journeyman HOIE)
 18156 | D:12     | Noticed a lich
 18157 | D:12     | Noticed a tengu reaver
 18157 | D:12     | Noticed a frost giant
 18249 | D:12     | Found a runed door.
 18252 | D:12     | Found a runed door.
 18345 | D:12     | Reached skill level 16 in Axes
 18349 | D:12     | Found a flagged portal.
 18365 | D:12     | Got a transparent hand axe
 18366 | D:12     | Identified the +1 hand axe "Fesseul" {venom, Str+3} (You
                  | found it on level 12 of the Dungeon)
 18369 | Bailey   | Entered a bailey
 18787 | D:12     | Found a staircase to the Orcish Mines.
 19227 | D:13     | Found Cymoasou's General Store.
 19366 | D:13     | Received a gift from Trog
 19710 | D:13     | Noticed Maurice
 19726 | D:13     | Killed Maurice
 19837 | D:13     | Found a gate to the Vaults.
 20417 | D:14     | Reached XP level 15. HP: 100/100 MP: 15/15
 21003 | D:15     | Entered Level 15 of the Dungeon
 21389 | D:15     | Found Viggev's Book Boutique.
 21435 | D:15     | Found a staircase to the Depths.
 21667 | D:15     | Reached skill level 17 in Axes
 22074 | Orc:1    | Entered Level 1 of the Orcish Mines
 22185 | Orc:1    | Reached ****** piety under Trog
 22190 | Orc:1    | Noticed an orc warlord
 22217 | Orc:1    | Killed an orc warlord
 22349 | Orc:1    | Received a gift from Trog
 22420 | Orc:1    | Found a roughly hewn altar of Beogh.
 22509 | Orc:2    | Entered Level 2 of the Orcish Mines
 22509 | Orc:2    | Found a staircase to the Elven Halls.
 22708 | Orc:2    | Reached skill level 15 in Fighting
 22718 | Orc:2    | Received a gift from Trog
 22730 | Orc:2    | Reached XP level 16. HP: 108/108 MP: 16/16
 22768 | Orc:2    | Found Duju Fojyss's Weapon Emporium.
 22768 | Orc:2    | Found Jaodes's Gadget Boutique.
 22785 | Orc:2    | Found Mem Mima's Antique Weapon Shoppe.
 22785 | Orc:2    | Found Bozxaolu's Armour Boutique.
 22954 | Orc:2    | Found Jafeopp's Assorted Antiques.
 23074 | Orc:2    | Found a runed gate.
 23074 | Orc:2    | Found a runed gate.
 23074 | Orc:2    | Found a runed gate.
 23233 | Orc:2    | Noticed jeremie's ghost (journeyman MiAM)
 23234 | Orc:2    | Found a roughly hewn altar of Beogh.
 23276 | Orc:2    | Killed jeremie's ghost
 23614 | Swamp:1  | Entered Level 1 of the Swamp
 23627 | Swamp:1  | Reached skill level 18 in Axes
 24279 | Swamp:2  | Noticed a thorn hunter
 24301 | Swamp:2  | Killed a thorn hunter
 24320 | Swamp:2  | Noticed a thorn hunter
 24340 | Swamp:2  | Killed a thorn hunter
 24561 | Swamp:2  | Noticed Nikola
 24576 | Swamp:2  | Killed Nikola
 24581 | Swamp:2  | Received a gift from Trog
 25959 | Swamp:4  | Entered Level 4 of the Swamp
 26135 | Swamp:4  | Reached XP level 17. HP: 116/116 MP: 17/17
 26788 | Lair:6   | Got a translucent plate armour
 26799 | Lair:6   | Identified the cursed +1 plate armour "Oteasic" {rPois rN+
                  | Dex+2} (You found it on level 6 of the Lair of Beasts)
 27118 | Swamp:4  | Reached skill level 19 in Axes
 27221 | Swamp:4  | Got a decaying rune of Zot
 27720 | D:11     | Killed RubberyChicken's ghost
 27869 | Vaults:1 | Entered Level 1 of the Vaults
 27910 | Vaults:1 | Got a pair of warped gloves
 27921 | Vaults:1 | Identified the +0 pair of gloves of Decompression {rPois
                  | rF+ rC+ MR+ Dex+3} (You found it on level 1 of the Vaults)
 28392 | Vaults:1 | Received a gift from Trog
 29637 | Vaults:2 | Received a gift from Trog
 30110 | Vaults:2 | Reached XP level 18. HP: 124/124 MP: 18/18
 30217 | Vaults:2 | Received a gift from Trog
 30417 | Vaults:2 | Noticed Asterion
 30435 | Vaults:2 | Mangled by Asterion

Skill      XL: |  1  2  3  4  5  6  7  8  9 10 11 12 13 14 15 16 17 18 |
---------------+-------------------------------------------------------+-----
Axes           | 3 4 5 6 7 9 10 12 13 15 16 17 18 19 | 19.7
Dodging        | 2 3 4 5 |  5.9
Fighting       | 4 5 7 9 10 11 12 14 15 16 17 18 | 18.1
Armour         | 3 4 5 6 8 9 10 11 12 13 14 | 14.8
Stealth        | 1 2 |  2.8

Action                   |  1- 3 |  4- 6 |  7- 9 | 10-12 | 13-15 | 16-18 || total
-------------------------+-------+-------+-------+-------+-------+-------++-------
Melee: Hand axe          |    87 |   201 |   284 |    12 |   369 |       ||   953
       War axe           |       |       |   154 |   827 |   145 |       ||  1126
       Battleaxe         |       |       |       |       |   374 |   131 ||   505
       Broad axe         |       |       |       |       |   342 |   792 ||  1134
Invok: Berserk           |     1 |     3 |     6 |    10 |    11 |     9 ||    40
       Brothers in Arms  |       |       |       |     2 |     3 |    13 ||    18
 Abil: Fly               |       |       |       |       |     1 |       ||     1
  Use: Scroll            |       |       |       |    22 |    14 |    13 ||    49
       Potion            |       |       |       |     2 |       |     3 ||     5
 Stab: Distracted        |       |       |       |       |     1 |     1 ||     2
  Eat: Chunk             |     2 |     7 |    12 |    28 |    48 |    45 ||   142
       Ration            |       |       |     2 |     2 |     2 |     1 ||     7
Armor: Animal skin       |    35 |       |       |       |       |       ||    35
       Ring mail         |    21 |   127 |    51 |       |       |       ||   199
       Chain mail        |       |       |   170 |   643 |   102 |       ||   915
       Plate armour      |       |       |       |       |   888 |  1121 ||  2009
Dodge: Dodged            |    73 |   155 |   209 |   500 |   617 |   559 ||  2113
Block: Other             |       |       |       |       |   218 |       ||   218
       Reflection        |       |       |       |       |    35 |       ||    35
